 Dungeon Crawl Stone Soup version 0.31-a0-1327-g8c40ea976f (webtiles) character file.

Game seed: 7917428449792516412

2327 Essalna the Geomancer (level 9, -7/52 HPs)
             Began as a Gargoyle Earth Elementalist on Dec 21, 2023.
             Was a Believer of Vehumet.
             Mangled by an orc warrior
             ... wielding a +0 dire flail
              (14 damage)
             ... on level 7 of the Dungeon.
             The game lasted 00:15:34 (6957 turns).

Essalna the Geomancer (Gargoyle Earth Elementalist) Turns: 6957, Time: 00:15:34

Health: -7/52      AC: 12    Str: 13    XL:     9   Next: 42%
Magic:  1/15       EV: 11    Int: 19    God:    Vehumet [**....]
Gold:   409        SH:  0    Dex: 10    Spells: 12/16 levels left

rFire   . . .        B - +2 dagger (venom)
rCold   . . .        (no shield)
rNeg    + . .        a - +0 robe
rPois   ∞            (no helmet)
rElec   +            g - +0 cloak
rCorr   .            h - +1 pair of gloves
SInv    +            x - +0 pair of boots
Will    .....        (no amulet)
Stlth   ++           p - ring of see invisible
HPRegen 0.28/turn    (no ring)
MPRegen 0.14/turn

%: no passive effects
@: no status effects
A: sickness immunity, AC +6, negative energy resistance 1, electricity
resistance, torment resistance 1, petrification resistance
a: Renounce Religion


You were on level 7 of the Dungeon.
You worshipped Vehumet.
Vehumet was pleased with you.
You visited 1 branch of the dungeon, and saw 7 of its levels.
You also visited: Sewer.

You collected 409 gold pieces.

Inventory:

Hand Weapons
 f - a +0 dagger
 B - a +2 dagger of venom (weapon)
Armour
 a - a +0 robe (worn)
 g - a +0 cloak (worn)
 h - a +1 pair of gloves (worn)
 x - a +0 pair of boots (worn)
Magical Staves
 o - a staff of air
Jewellery
 i - a ring of ice
 p - a ring of see invisible (left hand)
 s - an amulet of guardian spirit
Wands
 k - a wand of digging (4)
 t - a wand of roots (6)
 w - a wand of acid (8)
 G - a wand of paralysis (8)
Scrolls
 b - a scroll of vulnerability {unknown}
 c - 9 scrolls of identify
 d - 3 scrolls of immolation {unknown}
 j - 3 scrolls of teleportation
 m - a scroll of enchant armour {unknown}
 u - 2 scrolls of revelation {unknown}
 y - 3 scrolls of amnesia {unknown}
 C - a scroll of blinking {unknown}
 D - a scroll of butterflies {unknown}
 F - a scroll of poison {unknown}
Potions
 e - 2 potions of curing
 l - 2 potions of attraction {unknown}
 n - 2 potions of might {unknown}
 q - a potion of mutation {unknown}
 r - 2 potions of cancellation {unknown}
 v - 2 potions of brilliance {unknown}
 z - a potion of lignification {unknown}
 A - 3 potions of haste {unknown}
 E - a potion of berserk rage {unknown}
 H - 2 potions of enlightenment {unknown}


   Skills:
 + Level 4.4 Fighting
 - Level 1.5 Dodging
 - Level 2.1 Stealth
 - Level 4.1 Spellcasting
 + Level 7.6 Conjurations
 + Level 10.4 Earth Magic
 - Level 0.7 Alchemy


You had 12 spell levels left.
You knew the following spells:

 Your Spells              Type           Power      Damage    Failure   Level
a - Sandblast             Erth           86%        2d18      1%          1
b - Stone Arrow           Conj/Erth      76%        3d11      1%          3

Your spell library contained the following spells:

 Spells                   Type           Power      Damage    Failure   Level
 Mercury Vapours          Alch/Air       10%        N/A       19%         2
 Passwall                 Alch/Erth      20%        N/A       1%          2
 Sting                    Conj/Alch      76%        1d7       2%          1
 Brom's Barrelling Bould  Conj/Erth      38%        2d6       3%          4
 Apportation              Tloc           6%         N/A       14%         1
 Necrotise                Necr           12%        1d4       14%         1
 Summon Small Mammal      Summ           12%        N/A       14%         1
 Petrify                  Alch/Erth      25%        N/A       14%         4


Dungeon Overview and Level Annotations

Branches:
Dungeon (7/15)             Temple (0/1) D:4           Sewer (visited)

Altars:
Ashenzari
Cheibriados
Fedhas
Gozag
Nemelex Xobeh
Ru
Trog
Vehumet
Yredelemnul

Shops:
D:4 :

Annotations:
D:6 3 runed translucent doors, Yakui's ghost, novice GnRe


Innate Abilities, Weirdness & Mutations

You are immune to sickness and miasma.
Your stone body is resilient. (AC +6)
You are immune to poison.
You resist negative energy. (rN+)
You are resistant to electric shocks. (rElec)
You are resistant to unholy torment.
You are immune to petrification.


Message History

Press: ? - help, Shift-Dir - straight line, f/p - orc warrior
Aim: an orc warrior, wielding a +0 dire flail and wearing a +0 chain mail (moderately wounded, 83% to hit)
The blast of sand hits the orc warrior.
The orc warrior is moderately wounded.
The orc warrior hits you with a +0 dire flail.
Casting: Sandblast (safe; 1% risk of failure)
Confirm with . or Enter, or press ? or * to list all spells.
You don't have enough magic to cast this spell.
Unknown command.
Casting: Sandblast (safe; 1% risk of failure)
Confirm with . or Enter, or press ? or * to list all spells.
You don't have enough magic to cast this spell.
Unknown command.
Casting: Sandblast (safe; 1% risk of failure)
Confirm with . or Enter, or press ? or * to list all spells.
You don't have enough magic to cast this spell.
Unknown command.
Casting: Sandblast (safe; 1% risk of failure)
Confirm with . or Enter, or press ? or * to list all spells.
You don't have enough magic to cast this spell.
Unknown command.
You hit the orc warrior but do no damage.
The orc warrior is moderately wounded.
The orc warrior hits you with a +0 dire flail!
An orc wizard comes into view.
It is wielding a +0 dagger and wearing a +2 robe of cold resistance.
You barely miss the orc warrior.
The orc warrior is moderately wounded.
The orc warrior hits you with a +0 dire flail!
The orc wizard shouts!
You hit the orc warrior.
The orc warrior is poisoned.
Your punch misses the orc warrior.
The orc warrior is heavily wounded.
The orc warrior closely misses you.
You closely miss the orc warrior.
The orc warrior is heavily wounded.
The orc warrior hits you with a +0 dire flail!
* * * LOW HITPOINT WARNING * * *
You feel better.
The orc warrior hits you with a +0 dire flail!
You die...

.....####..##..#.
##.###...##.........#
.....o......#...#.###
#.#..###...)...##.#
... #o?......... #
###...........
#......#.###.#
#?.####o#.###...
#...# #@>......#
o...# ##...##.) ....
...# ... .#... ..
####..# #.# ..


You could see an orc warrior (very poisoned) and an orc wizard.

Vanquished Creatures
  Grinder (Sewer)
  Menkaure (D:4)
  A water moccasin (D:6)
  An ice beast (D:6)
  2 ogres
  A centaur (D:6)
  2 kobold brigands (Sewer)
  A bullfrog (D:7)
  6 scorpions
  8 wights (D:6)
  A jelly (D:4)
  A quasit (Sewer)
  A hound (D:6)
  A gnoll bouda (D:5)
  An orc priest (D:6)
  2 sleepcaps (D:6)
  3 iguanas
  6 gnolls (D:5)
  5 adders
  2 river rats (D:5)
  4 shadow imps
  3 white imps (D:6)
  4 ufetubi
  3 worms
  A dart slug (D:1)
  12 orcs
  8 ball pythons
  8 bats
  6 endoplasms
  6 giant cockroaches
  3 goblins
  8 hobgoblins
  4 jackals (D:1)
  28 kobolds
  4 quokkas
  3 frilled lizards
  6 rats
158 creatures vanquished.

Notes
Turn   | Place    | Note
-------+----------+-------------------------------------------
     0 | D:1      | Essalna the Gargoyle Earth Elementalist began the quest for
                  | the Orb.
     0 | D:1      | Reached XP level 1. HP: 10/10 MP: 3/3
   246 | D:1      | Reached XP level 2. HP: 11/15 MP: 0/5
   253 | D:1      | Reached skill level 4 in Earth Magic
   785 | D:1      | Reached XP level 3. HP: 19/19 MP: 1/6
  1311 | D:2      | Found a blossoming altar of Fedhas.
  1877 | D:3      | Reached XP level 4. HP: 24/24 MP: 5/8
  1974 | D:3      | Found a radiant altar of Vehumet.
  1974 | D:3      | Found a bloodstained altar of Trog.
  1976 | D:3      | Found a basalt altar of Yredelemnul.
  2021 | D:3      | Became a worshipper of Vehumet
  2285 | D:3      | Reached skill level 5 in Earth Magic
  2633 | D:3      | Found a faded altar of an unknown god.
  2731 | D:4      | Found a snail-covered altar of Cheibriados.
  2879 | D:4      | Found Roboqofa's Book Shoppe.
  2995 | D:4      | Reached XP level 5. HP: 4/28 MP: 0/10
  3192 | D:4      | Noticed Menkaure
  3201 | D:4      | Killed Menkaure
  3202 | D:4      | Reached skill level 6 in Earth Magic
  3202 | D:4      | Reached XP level 6. HP: 4/32 MP: 5/12
  3206 | D:4      | Learned a level 3 spell: Stone Arrow
  3526 | D:4      | Reached skill level 1 in Conjurations
  3583 | D:3      | Reached skill level 7 in Earth Magic
  3583 | D:3      | Reached XP level 7. HP: 31/36 MP: 1/13
  3683 | D:4      | Found a staircase to the Ecumenical Temple.
  4196 | D:5      | Entered Level 5 of the Dungeon
  4258 | D:5      | HP: 1/36 [gnoll/+0 halberd[a gnoll bouda] (10)]
  4473 | D:5      | Found a blossoming altar of Fedhas.
  4473 | D:5      | Found a broken altar of Ashenzari.
  4473 | D:5      | Found a sacrificial altar of Ru.
  4622 | D:5      | Reached * piety under Vehumet
  4622 | D:5      | Offered knowledge of Kiss of Death by Vehumet.
  4623 | D:5      | Reached skill level 8 in Earth Magic
  4677 | D:5      | Found a glowing drain.
  4681 | Sewer    | Entered a sewer
  4752 | Sewer    | Reached XP level 8. HP: 41/41 MP: 11/14
  4899 | Sewer    | Reached skill level 5 in Conjurations
  4928 | Sewer    | Found a burning altar of Makhleb.
  4953 | Sewer    | Noticed Grinder
  4965 | Sewer    | Paralysed by Grinder for 4 turns
  4969 | Sewer    | Killed Grinder
  4970 | Sewer    | Reached skill level 9 in Earth Magic
  5472 | D:6      | Reached skill level 1 in Fighting
  5476 | D:6      | Reached ** piety under Vehumet
  5476 | D:6      | Offered knowledge of Mercury Vapours by Vehumet.
  5811 | D:6      | Reached XP level 9. HP: 16/49 MP: 7/15
  5978 | D:6      | Found a runed translucent gate.
  5978 | D:6      | Found a runed translucent gate.
  5978 | D:6      | Found a runed translucent gate.
  5980 | D:6      | Found an opulent altar of Gozag.
  5983 | D:6      | Noticed a gargoyle
  5983 | D:6      | Noticed Yakui's ghost (novice GnRe)
  6136 | D:6      | Reached skill level 10 in Earth Magic
  6887 | D:7      | Found a sparkling altar of Nemelex Xobeh.
  6956 | D:7      | HP: 2/52 [orc warrior/+0 dire flail (16)]
  6957 | D:7      | Mangled by an orc warrior

Illustrated notes

Levels and vault maps discovered:
D:1:      evilmike_arrival_hilbert_curve, layout_loops_corners
D:2:      layout_basic, basic_altar
D:3:      layout_loops_ring, gammafunk_temple_overflow_forgotten,
          ebering_ecumenical_altar_petrified
D:4:      old_forge, layout_basic, cheibrodos_worm_habitat,
          minmay_temple_entry_glassed_door, serial_shops, nicolae_shop_trees,
          grunt_decor_resistance, minmay_misc_feat_secret_circle,
          minmay_misc_feat_diagonals, minivault_26, uniq_menkaure
D:5:      layout_basic, chequers_temple_overflow_statue_of_worship,
          gup_sewer_entry_bowl
D:6:      layout_cave_pods, ebering_ghost_gozag
D:7:      layout_rooms, worldfamousw_hep_ancestral_shrine,
          mainiacjoe_overflow_alcove_2, makhleb_blood_cavern_becter,
          grunt_ministairs_2

Skill      XL: |  1  2  3  4  5  6  7  8  9 |
---------------+----------------------------+-----
Earth Magic    | 4 5 6 7 8 9 10 | 10.4
Spellcasting   | 3 4 |  4.1
Conjurations   | 2 4 6 7 |  7.6
Fighting       | 2 4 |  4.4
Dodging        | |  1.5
Stealth        | |  2.1
Alchemy        | |  0.7

Action                     |  1- 3 |  4- 6 |  7- 9 || total
---------------------------+-------+-------+-------++-------
  Melee: Dagger            |    19 |    17 |    13 ||    49
         Unarmed           |     1 |       |       ||     1
         Punch             |     1 |       |       ||     1
   Cast: Sandblast         |    57 |    61 |   174 ||   292
         Stone Arrow       |       |       |    13 ||    13
    Use: Scroll            |     1 |       |     1 ||     2
         Potion            |       |       |     2 ||     2
 Armour: Robe              |    22 |    29 |   130 ||   181
  Dodge: Dodged            |    22 |    27 |    94 ||   143

Table legend: (Time is in decaauts)
 A = Elapsed time spent in this place.
 B = Non-inter-level travel time spent in this place.
 C = Inter-level travel time spent in this place.
 D = Time resting spent in this place.
 E = Time spent auto-exploring this place.
 F = Levels seen in this place.
 G = Mean time per level.
                   A        B        C        D        E       F      G
               +--------+--------+--------+--------+--------+-----+--------+
         Total |   7126 |   6763 |    363 |    133 |   5517 |   8 |  890.8 |
       Dungeon |   6600 |   6237 |    363 |    133 |   5155 |   7 |  942.9 |
         Sewer |    526 |    526 |      0 |      0 |    362 |   1 |  526.0 |
               +--------+--------+--------+--------+--------+-----+--------+

Top non-repeatable levels by time:
     D:4: 1550 daAuts
     D:6: 1410 daAuts
     D:1: 1216 daAuts
     D:3: 996 daAuts
     D:5: 706 daAuts
     D:2: 604 daAuts
   Sewer: 526 daAuts
     D:7: 116 daAuts
